 Dungeon Crawl Stone Soup version 0.28-a0-268-g3f656e82c2 (webtiles) character file.

Game seed: 8586898094716706338

141 SkeletonJelly the Slasher (level 5, -1/39 (45) HPs)
             Began as a Draconian Chaos Knight on Aug 28, 2021.
             Was a Plaything of Xom.
             Slain by a wight (2 damage)
             ... on level 4 of the Dungeon.
             The game lasted 00:02:48 (2015 turns).

SkeletonJelly the Slasher (Draconian Chaos Knight)  Turns: 2015, Time: 00:02:48

HP:   -1/39 (45)    AC:  5    Str: 22    XL:     5   Next: 3%
MP:   5/5           EV: 12    Int: 12    God:    Xom [...*..]
Gold: 57            SH:  0    Dex:  8    Spells: 4/4 levels left

rFire   + + .      SeeInvis .   a - +0 falchion (chaos)
rCold   . . .      Faith    .   (no shield)
rNeg    . . .      Spirit   .   (armour unavailable)
rPois   +          Reflect  .   (helmet restricted)
rElec   +          Harm     .   f - scarf {rC+ rF+}
rCorr   .          Rampage  .   (no gloves)
Will    .....                   (no boots)
Stlth   +.........              (no amulet)
HPRegen 0.13/turn               h - ring of Departure {rElec rPois rC- Str+6 Dex-2}
MPRegen 0.09/turn               (no ring)

@: heavily drained
A: AC +5, unfitting armour, cold-blooded, fire resistance 1
a: Renounce Religion


You were on level 4 of the Dungeon.
You worshipped Xom.
You were a favourite toy of Xom.
You visited 1 branch of the dungeon, and saw 4 of its levels.

You collected 57 gold pieces.

Inventory:

Hand Weapons
 a - a +0 falchion of chaos (weapon)
Armour
 f - a scarf of resistance (worn)
Jewellery
 h - the ring of Departure (left hand) {rElec rPois rC- Str+6 Dex-2}
   (You found it on level 4 of the Dungeon)

   [ring of strength]

   Str:       It affects your strength (+6).
   Dex:       It affects your dexterity (-2).
   rC:        It makes you vulnerable to cold.
   rElec:     It insulates you from electricity.
   rPois:     It protects you from poison.
Scrolls
 b - 3 scrolls of identify {unknown}
 d - a scroll of fear {unknown}
 e - a scroll of noise {unknown}
 g - a scroll of fog {unknown}
 i - a scroll of enchant weapon {unknown}
Potions
 c - 3 potions of heal wounds {unknown}
 j - a potion of flight {unknown}


   Skills:
 - Level 3.2 Fighting
 + Level 5.8 Long Blades
 - Level 2.1 Dodging


You had 4 spell levels left.
You didn't know any spells.
Your spell library was empty.

Dungeon Overview and Level Annotations

Branches:
Dungeon (4/15)
 Temple: D:4-7

Altars:
Sif Muna
Wu Jian
Yredelemnul

Shops:
D:2 [


Innate Abilities, Weirdness & Mutations

Your plain brown scales are hard. (AC +5)
You cannot fit into any form of body armour.
You are cold-blooded and may be slowed by cold attacks.
Your flesh is heat resistant. (rF+)


Message History

You hit the adder skeleton.
The adder skeleton flickers and vanishes!
Deactivating autopickup; reactivate with Ctrl-A.
Something barely misses you.
No target in view!
No target in view!
No target in view!
No target in view!
No target in view!
No target in view!
No target in view!
No target in view!
You closely miss something. You tail-slap something. Something bites you.
You take 4 damage, and have 40/45 hp.
You barely miss something.
Your tail-slap misses something.
Something barely misses you.
You slash something! You burn something.
Reactivating autopickup.
You feel a bit more experienced.
Found a basalt altar of Yredelemnul.
You see here a ball python corpse.
You now have enough gold to buy a +0 kite shield on D:2.
You can access your shopping list by pressing '$'.
You now have 57 gold pieces (gained 10).
Health restored: 45 "Let's go for a ride!"
Your surroundings suddenly seem different.
Found 18 stones.
Found a stone staircase leading up.
Your surroundings suddenly seem different.
Your surroundings suddenly seem different.
Found a stone staircase leading up.
Unknown command.
Unknown command.
Unknown command.
Found 19 arrows.
Key pressed, stopping explore.
Found a scale mail.
Found a stone staircase leading down.
A wight comes into view.
It is wielding a +2 short sword of freezing.
A wight is nearby!
A wight comes into view. It is wielding a +2 scimitar.
You hit the wight but do no damage.
The wight easily resists.
You tail-slap the wight, but do no damage.
The wight hits you with a +2 short sword of freezing.
The wight freezes you.
You take 6 damage, and have 39/45 hp.
You hit the wight.
The wight seems to speed up.
The wight is moderately damaged.
The wight hits you with a +2 short sword of freezing!
You feel yourself slow down. The wight freezes you.
The wight barely misses you.
You take 8 damage, and have 31/45 hp.
You hit the wight but do no damage.
The wight flickers and vanishes!
Deactivating autopickup; reactivate with Ctrl-A.
Something completely misses you. The wight misses you.
You hit the wight.
The wight is moving more slowly.
The wight is lightly damaged.
You feel yourself speed up. "Heh heh heh..."
The wight looks rather confused.
Something hits you.
You feel yourself slow down. Something freezes you.
You take 3 damage, and have 28/45 hp.
A wight comes into view. It is wielding a +4 spear.
The wight hits you with a +2 scimitar.
You feel drained.
You take 5 damage, and have 23/43 hp.
You hit the wight. You burn the wight.
The wight is lightly damaged.
You feel yourself speed up.
The wight stops moving altogether!
The helpless wight fails to defend itself.
You slash the wight!
The wight convulses.
The wight is heavily damaged.
Something hits you!
You feel drained.
You feel yourself slow down. Something freezes you.
You take 11 damage, and have 13/41 hp.
MASSIVE DAMAGE!!
You are too injured to fight recklessly!
You are too injured to fight recklessly!
You are too injured to fight recklessly!
You are too injured to fight recklessly!
You are too injured to fight recklessly!
The helpless wight fails to defend itself.
You hit the wight.
Nothing appears to happen.
You tail-slap the wight.
The wight is severely damaged.
Something barely misses you. The wight barely misses you.
The helpless wight fails to defend itself.
You slash the wight!
The wight is severely damaged.
You feel yourself speed up. Something hits you.
* * * LOW HITPOINT WARNING * * *
Something freezes you.
* * * LOW HITPOINT WARNING * * *
The wight closely misses you. Something barely misses you.
You take 7 damage, and have 6/41 hp.
Something hits you.
* * * LOW HITPOINT WARNING * * *
You feel drained.
* * * LOW HITPOINT WARNING * * *
Something freezes you.
You die...
Xom guffaws!

##......#####..##..##..#
#.......#####..##<.##..#
#...................#..#
#...####............#..#
#... ##...........#..#
#.. #............#..# #.
#....#..##..##z.#
###..#..######..#
..######.....@..z....#
.....................#
#........#...##..##..#
##########...######..# #
##..#.......[#..# .
#............#..# #
#..>.........#..#
###########.######+###..#
..#...#.###+######.###.


You could see a wight.

Vanquished Creatures
  A centaur skeleton (D:4)
  A hound (D:3)
  A killer bee zombie (D:4)
  2 adders (D:3)
  An adder skeleton (D:4)
  2 worms (D:3)
  2 orcs (D:3)
  3 endoplasms
  3 goblins
  4 hobgoblins
  3 kobolds
  A quokka (D:3)
  5 ball pythons
  4 bats
  2 frilled lizards (D:3)
  A jackal skeleton (D:4)
  3 rats
39 creatures vanquished.

Notes
Turn   | Place    | Note
-------+----------+-------------------------------------------
     0 | D:1      | SkeletonJelly the Draconian Chaos Knight began the quest
                  | for the Orb.
     0 | D:1      | Reached XP level 1. HP: 19/19 MP: 1/1
    84 | D:1      | You fall into a shaft and drop 1 floor!
   180 | D:2      | Found Runejeopt's Armour Boutique.
   216 | D:2      | XOM: smoke on damage
   218 | D:2      | XOM: divination: detect creatures
   451 | D:2      | XOM: divination: detect items
   456 | D:2      | Found a faded altar of an unknown god.
   505 | D:2      | You fall into a shaft and drop 1 floor!
   506 | D:3      | XOM: silly message
   512 | D:3      | XOM: silly message
   514 | D:3      | Reached XP level 2. HP: 23/26 MP: 2/2
   519 | D:3      | XOM: butterfly on damage
   536 | D:3      | XOM: silly message
   784 | D:3      | Reached skill level 4 in Long Blades
   807 | D:3      | Reached XP level 3. HP: 28/31 MP: 3/3
   933 | D:3      | XOM: divination: magic mapping
  1294 | D:3      | Found an ornate altar of the Wu Jian Council.
  1376 | D:3      | Reached skill level 5 in Long Blades
  1376 | D:3      | Reached XP level 4. HP: 37/38 MP: 4/4
  1408 | D:3      | Found a shimmering blue altar of Sif Muna.
  1420 | D:3      | XOM: 9-stop teleportation journey
  1444 | D:3      | XOM: god gift: rapier {god gift}
  1578 | D:4      | Identified the ring of Departure {rElec rPois rC- Str+6
                  | Dex-2}
  1632 | D:4      | XOM: give mutations
  1632 | D:4      | Gained mutation: Your flesh is heat resistant. (rF+) [Xom's
                  | mischief]
  1632 | D:4      | Gained mutation: You are frail. (-10% HP) [Xom's mischief]
  1632 | D:4      | Lost mutation: You are frail. (-10% HP) [Xom's mischief]
  1896 | D:4      | Reached XP level 5. HP: 45/45 MP: 5/5
  1906 | D:4      | Found a basalt altar of Yredelemnul.
  1946 | D:4      | XOM: 3-stop teleportation journey
  2003 | D:4      | XOM: confuse monster(s)
  2015 | D:4      | HP: 2/41 [something (5)]
  2015 | D:4      | Slain by a wight

Illustrated notes

Levels and vault maps discovered:
D:1:      dpeg_arrival_rhombi, layout_loops_ring, minmay_lizard_pond
D:2:      layout_basic, basic_ecumenical_altar, serial_shops, shop
D:3:      layout_loops_ring, nicolae_sif_muna_condensation,
          nicolae_wu_jian_wuxing_cycle, minmay_diced_spiral
D:4:      layout_gridville, lemuel_doored_altar, marbit_many_paths,
          hangedman_decor_growths

Skill      XL: |  1  2  3 |
---------------+----------+-----
Long Blades    | 4 5 |  5.8
Fighting       | |  3.2
Dodging        | |  2.1

Action                   |  1- 3 |  4- 6 || total
-------------------------+-------+-------++-------
Melee: Falchion          |   100 |    39 ||   139
       Tailslap          |     9 |     9 ||    18
 Stab: Sleeping          |     1 |       ||     1
       Paralysed         |     3 |       ||     3
       Confused          |     1 |       ||     1
       Petrified         |       |     3 ||     3
Armor: Skin              |    32 |    17 ||    49
Dodge: Dodged            |    62 |    26 ||    88

Table legend: (Time is in decaauts)
 A = Elapsed time spent in this place.
 B = Non-inter-level travel time spent in this place.
 C = Inter-level travel time spent in this place.
 D = Time resting spent in this place.
 E = Time spent auto-exploring this place.
 F = Levels seen in this place.
 G = Mean time per level.
                   A        B        C        D        E       F      G
               +--------+--------+--------+--------+--------+-----+--------+
         Total |   2028 |   1982 |     46 |      0 |   1671 |   4 |  507.0 |
       Dungeon |   2028 |   1982 |     46 |      0 |   1671 |   4 |  507.0 |
               +--------+--------+--------+--------+--------+-----+--------+

Top non-repeatable levels by time:
     D:3: 1067 daAuts
     D:4: 453 daAuts
     D:2: 422 daAuts
     D:1: 85 daAuts
